[Event "Icelandic Team-ch Premier 2021-22"]
[Site "Reykjavik"]
[Date "2022.03.06"]
[Round "10.4"]
[White "Pantzar, Milton"]
[Black "Thorhallsson, Simon"]
[Result "1/2-1/2"]
[ECO "E20"]
[WhiteElo "2422"]
[BlackElo "2245"]
[Annotator "ChessBase"]
[PlyCount "175"]
[EventDate "2022.03.05"]
[EventType "team-tourn"]
[EventCountry "ISL"]
[SourceTitle "playchess.com"]
[Source "ChessBase"]
[SourceQuality "1"]
[TimeControl "5400+30"]

1. d4 Nf6 2. c4 e6 3. Nc3 Bb4 4. f3 c5 5. d5 b5 6. e4 d6 7. Nge2 bxc4 8. Nf4 e5 9. Nfe2 Nbd7 10. Ng3 Nb6 11. Be2 Ng8 12. h4 Ne7 13. h5 h6 14. O-O O-O 15. f4 exf4 16. Bxf4 Bxc3 17. bxc3 f5 18. Qd2 fxe4 19. Nxe4 Nexd5 20. Bg3 Rxf1+ 21. Rxf1 Be6 22. Bxd6 Qh4 23. Nxc5 Bf7 24. g3 Qh3 25. Rf2 Re8 26. Qd4 Re3 27. Bf1 Qxh5 28. a4 Qg6 29. Bb8 a5 30. Nb7 Re8 31. Be5 Qg5 32. Bd6 Qe3 33. Nxa5 Qxc3 34. Qc5 Qe3 35. Nxc4 Qxc5 36. Bxc5 Nxa4 37. Bd4 Rf8 38. Ra2 Nac3 39. Ra5 Ne4 40. Ne5 Nxg3 41. Bc4 Be6 42. Ra6 Nc7 43. Rxe6 Nxe6 44. Bxe6+ Kh7 45. Kg2 Ne2 46. Be3 Nf4+ 47. Bxf4 Rxf4 48. Kg3 Rf6 49. Bf7 g5 50. Bh5 Kg7 51. Ng4 Ra6 52. Kf3 Ra3+ 53. Kg2 Ra4 54. Kg3 Kf8 55. Bg6 Ke7 56. Bh5 Ra3+ 57. Kg2 Ra6 58. Kf3 Re6 59. Kg3 Kd8 60. Nxh6 Rxh6 61. Kg4 Ke7 62. Kxg5 Ra6 63. Bg4 Kf7 64. Bd7 Ra5+ 65. Kf4 Kf6 66. Ke4 Ke7 67. Bg4 Kd6 68. Bf3 Ra1 69. Bg2 Re1+ 70. Kd4 Rg1 71. Bf3 Rg3 72. Ke4 Rh3 73. Kf4 Rh4+ 74. Kf5 Rd4 75. Be4 Rd1 76. Bg2 Re1 77. Bf3 Re5+ 78. Kf4 Ke6 79. Bg2 Kf6 80. Bf3 Re1 81. Bg2 Rg1 82. Bf3 Rf1 83. Ke4 Rb1 84. Bg2 Rb2 85. Bf3 Rb4+ 86. Kd5 Rf4 87. Be4 Rxe4 88. Kxe4 1/2-1/2

[Event "Icelandic Team-ch Premier 2021-22"]
[Site "Reykjavik"]
[Date "2022.03.06"]
[Round "10.5"]
[White "Sigurpalsson, Runar"]
[Black "Brynell, Stellan"]
[Result "1-0"]
[ECO "A08"]
[WhiteElo "2279"]
[BlackElo "2405"]
[Annotator "ChessBase"]
[PlyCount "155"]
[EventDate "2022.03.05"]
[EventType "team-tourn"]
[EventCountry "ISL"]
[SourceTitle "playchess.com"]
[Source "ChessBase"]
[SourceQuality "1"]
[TimeControl "5400+30"]

1. e4 e6 2. d3 d5 3. Nd2 Nf6 4. Ngf3 c5 5. c3 Nc6 6. g3 g6 7. Bg2 Bg7 8. O-O O-O 9. Qc2 b6 10. Rd1 Bb7 11. Nf1 Rc8 12. a3 Qe7 13. Re1 h6 14. h4 dxe4 15. dxe4 Ng4 16. N3h2 Nxh2 17. Nxh2 Rfd8 18. Qe2 Ne5 19. Ng4 Nd3 20. Rd1 Nxc1 21. Raxc1 h5 22. Nh2 Bh6 23. Rxd8+ Rxd8 24. Rd1 e5 25. Nf1 Rd6 26. Rxd6 Qxd6 27. Ne3 Bxe3 28. Qxe3 Qd1+ 29. Kh2 Kg7 30. Bf3 Qc2 31. b4 cxb4 32. cxb4 Bc6 33. Kg2 f6 34. Kg1 Bd7 35. Be2 Be6 36. Kg2 Qb2 37. Qd3 Qc1 38. Qa6 Qc7 39. Qd3 Qc6 40. f3 Qc7 41. Kf2 a5 42. Qb5 axb4 43. Qxb4 Kf7 44. Bd3 Qc6 45. Be2 Qc7 46. Bd3 Kg7 47. Be2 Bf7 48. Bd3 Qc6 49. Be2 Qe6 50. Bf1 g5 51. Qd2 Kg6 52. Qe3 Qa2+ 53. Kg1 Qb2 54. Qd3 gxh4 55. gxh4 Qc1 56. Kg2 Qe1 57. Qd6 Qxh4 58. Qxb6 Qg5+ 59. Kh1 Qh4+ 60. Kg2 Qf4 61. Qf2 h4 62. a4 Be6 63. a5 h3+ 64. Kh1 Qc1 65. Kh2 Kf7 66. a6 Qf4+ 67. Kh1 Bg4 68. Be2 Bc8 69. a7 Bb7 70. Bc4+ Ke8 71. Bd5 Bxd5 72. exd5 Qa4 73. Kh2 Qf4+ 74. Kxh3 Qf5+ 75. Kg2 Qg6+ 76. Qg3 Qc2+ 77. Kh3 Qh7+ 78. Qh4 1-0

[Event "Icelandic Team-ch Premier 2021-22"]
[Site "Reykjavik"]
[Date "2022.03.06"]
[Round "10.6"]
[White "Petersson, Baldur Teodor"]
[Black "Halldorsson, Halldor"]
[Result "1-0"]
[ECO "B25"]
[WhiteElo "2242"]
[BlackElo "2211"]
[Annotator "ChessBase"]
[PlyCount "153"]
[EventDate "2022.03.05"]
[EventType "team-tourn"]
[EventCountry "ISL"]
[SourceTitle "playchess.com"]
[Source "ChessBase"]
[SourceQuality "1"]
[TimeControl "5400+30"]

1. e4 c5 2. Nc3 d6 3. g3 Nc6 4. Bg2 g6 5. d3 Bg7 6. f4 e6 7. Nf3 Nge7 8. O-O O-O 9. Be3 Nd4 10. e5 dxe5 11. Nxe5 Rb8 12. Ne4 b6 13. Bf2 Ba6 14. Re1 Qc7 15. c3 Ndc6 16. d4 Rfd8 17. Nxc6 Nxc6 18. Qa4 Bb7 19. dxc5 Na5 20. cxb6 axb6 21. Rad1 Bd5 22. Nd2 b5 23. Qc2 b4 24. Bxd5 exd5 25. Rc1 Rbc8 26. Qd3 bxc3 27. bxc3 Nc4 28. Bd4 Nb2 29. Qe3 Bxd4 30. Qxd4 Qa5 31. f5 Na4 32. Nb3 Qa8 33. f6 Rc4 34. Qe3 Rc6 35. Rf1 Qa6 36. Qf4 Rdd6 37. Nd4 Nxc3 38. Rce1 Rxf6 39. Qb8+ Kg7 40. Nxc6 Qxc6 41. Qe5 Qb6+ 42. Kh1 Ne4 43. Rxf6 Nxf6 44. Rf1 d4 45. Kg2 Qc6+ 46. Rf3 d3 47. Qxf6+ Qxf6 48. Rxf6 Kxf6 49. Kf3 Ke5 50. Ke3 d2 51. Kxd2 Kd4 52. h4 f5 53. Ke2 Ke4 54. a4 h6 55. a5 Kd5 56. Ke3 g5 57. a6 Kc6 58. h5 Kb6 59. Kd4 Kxa6 60. Ke5 f4 61. gxf4 g4 62. Ke4 Kb6 63. Ke3 Kc5 64. Kf2 Kd5 65. Kg3 Kd4 66. Kxg4 Ke4 67. Kg3 Kf5 68. Kf3 Kf6 69. Ke4 Ke6 70. f5+ Kf6 71. Kf4 Kf7 72. Ke5 Ke7 73. f6+ Kf7 74. Kf5 Kf8 75. Kg6 Kg8 76. Kxh6 Kh8 77. Kg6 1-0

[Event "Icelandic Team-ch Premier 2021-22"]
[Site "Reykjavik"]
[Date "2022.03.06"]
[Round "10.7"]
[White "Karason, Askell O"]
[Black "Edvardsson, Kristjan"]
[Result "0-1"]
[ECO "D90"]
[WhiteElo "2186"]
[BlackElo "2223"]
[Annotator "NA"]
[PlyCount "76"]
[EventDate "2022.03.05"]
[EventType "team-tourn"]
[EventCountry "ISL"]
[SourceTitle "playchess.com"]
[Source "ChessBase"]
[SourceQuality "1"]
[TimeControl "5400+30"]

1. Nf3 Nf6 2. c4 c6 3. d4 d5 4. Nc3 g6 5. cxd5 cxd5 6. Bf4 Nc6 7. e3 a6 8. Bd3 Bg7 9. h3 O-O 10. Rc1 Bd7 11. O-O b5 12. Ne5 Rc8 13. a4 b4 14. Na2 Qa5 15. Rc5 Qb6 16. Nxd7 Nxd7 17. Rxd5 Rfd8 18. a5 Qa7 19. Qa4 Bf8 20. Rc1 e6 21. Rxd7 Qxd7 22. Bxa6 Nb8 23. Qxd7 Rxc1+ 24. Nxc1 Nxd7 25. Bc7 Re8 26. Bb7 e5 27. Nb3 exd4 28. exd4 Re6 29. a6 Bd6 30. Bxd6 Rxd6 31. Nc5 Nb6 32. a7 Rd8 33. d5 Kg7 34. b3 Kf6 35. d6 Ke5 36. Na4 Nxa4 37. f4+ Kxd6 38. bxa4 f5 0-1

[Event "Icelandic Team-ch Premier 2021-22"]
[Site "Reykjavik"]
[Date "2022.03.06"]
[Round "10.8"]
[White "Crevatin, Leo"]
[Black "Bergsson, Stefan"]
[Result "0-1"]
[ECO "E81"]
[WhiteElo "2267"]
[BlackElo "2095"]
[Annotator "ChessBase"]
[PlyCount "124"]
[EventDate "2022.03.05"]
[EventType "team-tourn"]
[EventCountry "ISL"]
[SourceTitle "playchess.com"]
[Source "ChessBase"]
[SourceQuality "1"]
[TimeControl "5400+30"]

1. d4 Nf6 2. c4 g6 3. f3 Bg7 4. e4 d6 5. Nc3 O-O 6. Be3 c5 7. Nge2 Nc6 8. d5 Ne5 9. Ng3 h5 10. Be2 h4 11. Nf1 a6 12. a4 e6 13. Bg5 h3 14. gxh3 Qb6 15. Qd2 exd5 16. cxd5 Bxh3 17. Ne3 Nh7 18. Bf4 Qd8 19. Bg3 Ng5 20. Qd1 Qb6 21. Bxe5 Bxe5 22. Nc4 Bxc3+ 23. bxc3 Qd8 24. Rg1 Qf6 25. Qd3 b5 26. Qe3 Nh7 27. Rg3 bxc4 28. Rxh3 Rab8 29. Rc1 Rfe8 30. Qh6 Nf8 31. Qd2 g5 32. Rg3 Re5 33. h4 Ng6 34. hxg5 Qh8 35. Kd1 Kg7 36. Kc2 Qe8 37. Ra1 Re7 38. Bxc4 Reb7 39. Qc1 Qe5 40. Rg2 Nh4 41. Re2 Nxf3 42. Ra3 Nd4+ 43. cxd4 Qxd4 44. Bb5 axb5 45. Qb2 bxa4 46. Qxd4+ cxd4 47. Ra2 Rb3 48. Rd2 Rc3+ 49. Kd1 d3 50. Ke1 a3 51. Kf2 Rb2 52. Ke3 Rcc2 53. e5 dxe5 54. d6 Rxd2 55. d7 Re2+ 56. Kf3 e4+ 57. Kf4 Rb8 58. Rxa3 d2 59. Ra1 Re1 60. d8=Q Rxd8 61. g6 Rxa1 62. gxf7 d1=Q 0-1

[Event "Icelandic Team-ch Premier 2021-22"]
[Site "Reykjavik"]
[Date "2022.03.06"]
[Round "10.9"]
[White "Hjartarson, Johann"]
[Black "Stefansson, Vignir Vatnar"]
[Result "1/2-1/2"]
[ECO "C48"]
[WhiteElo "2470"]
[BlackElo "2484"]
[Annotator "ChessBase"]
[PlyCount "131"]
[EventDate "2022.03.05"]
[EventType "team-tourn"]
[EventCountry "ISL"]
[SourceTitle "playchess.com"]
[Source "ChessBase"]
[SourceQuality "1"]
[TimeControl "5400+30"]

1. e4 e5 2. Nf3 Nf6 3. Nc3 Nc6 4. Bb5 Nd4 5. Bc4 d6 6. h3 Be7 7. d3 c6 8. Nxd4 exd4 9. Ne2 d5 10. exd5 c5 11. Nf4 O-O 12. O-O b6 13. Re1 Bb7 14. Bd2 Qd7 15. c3 Rfd8 16. cxd4 cxd4 17. Rc1 Bf8 18. Qb3 Nxd5 19. Nxd5 Bxd5 20. Bxd5 Qxd5 21. Qxd5 Rxd5 22. Rc7 a5 23. Rb7 Bc5 24. a4 h5 25. g3 Rc8 26. Kg2 g5 27. g4 hxg4 28. hxg4 Kg7 29. Rh1 Re8 30. Kf3 Rde5 31. Rh5 Kg6 32. Rc7 Be7 33. Rc6+ Re6 34. Rxe6+ fxe6 35. Rh1 Rf8+ 36. Ke2 Rc8 37. Rc1 Rxc1 38. Bxc1 e5 39. Kf3 Kf6 40. Ke4 Ke6 41. Bd2 Bf6 42. b4 axb4 43. Bxb4 Bd8 44. Bd2 Bf6 45. Bc1 Be7 46. Kf3 Kd5 47. Ke2 e4 48. dxe4+ Kxe4 49. f3+ Kd5 50. Kd3 Bf6 51. f4 gxf4 52. Bxf4 Bd8 53. Bg3 Bf6 54. Bf4 Bd8 55. g5 Bxg5 56. Bxg5 Kc6 57. Kc4 d3 58. Bd2 Kb7 59. Kxd3 Ka6 60. Kc4 Kb7 61. Kb5 Ka7 62. Be3 Kb7 63. Bf2 Ka8 64. Ka6 Kb8 65. Bg3+ Ka8 66. Kxb6 1/2-1/2

[Event "Icelandic Team-ch Premier 2021-22"]
[Site "Reykjavik"]
[Date "2022.03.06"]
[Round "10.10"]
[White "Einarsson, Halldor Gretar"]
[Black "Pakleza, Zbigniew"]
[Result "0-1"]
[ECO "A21"]
[WhiteElo "2207"]
[BlackElo "2500"]
[Annotator "ChessBase"]
[PlyCount "95"]
[EventDate "2022.03.05"]
[EventType "team-tourn"]
[EventCountry "ISL"]
[SourceTitle "playchess.com"]
[Source "ChessBase"]
[SourceQuality "1"]
[TimeControl "5400+30"]

1. d4 d6 2. c4 e5 3. Nc3 exd4 4. Qxd4 Nc6 5. Qd2 Nf6 6. b3 a5 7. Bb2 a4 8. Rd1 axb3 9. axb3 Be7 10. e4 O-O 11. Bd3 Nd4 12. Bc2 Nxc2+ 13. Qxc2 c6 14. Nge2 Qc7 15. O-O Re8 16. Nd4 Bf8 17. f3 Nd7 18. Kh1 Ra5 19. Nf5 Ne5 20. Qd2 Rd8 21. Qd4 f6 22. Ne3 Ra6 23. Ne2 Qb6 24. Qc3 Ra2 25. Nc1 Ra8 26. Ne2 Bd7 27. Ra1 Be8 28. Nf4 Bf7 29. Rfd1 Qc7 30. Nf5 Rxa1 31. Rxa1 Qb8 32. Nd4 Re8 33. Nde2 b5 34. cxb5 Qxb5 35. Nd4 Qb6 36. b4 Rb8 37. Nd3 c5 38. Nc2 cxb4 39. Ncxb4 d5 40. Nxe5 Bxb4 41. Qd3 fxe5 42. Bxe5 Bd6 43. Bd4 Qb5 44. Qc3 dxe4 45. fxe4 Qb4 46. Qd3 Qb3 47. Qd2 Qe6 48. Qd3 0-1

[Event "Icelandic Team-ch Premier 2021-22"]
[Site "Reykjavik"]
[Date "2022.03.06"]
[Round "10.11"]
[White "Thorfinnsson, Bjorn"]
[Black "Ornolfsson, Magnus P."]
[Result "1-0"]
[ECO "D03"]
[WhiteElo "2387"]
[BlackElo "2163"]
[Annotator "NA"]
[PlyCount "75"]
[EventDate "2022.03.05"]
[EventType "team-tourn"]
[EventCountry "ISL"]
[SourceTitle "playchess.com"]
[Source "ChessBase"]
[SourceQuality "1"]
[TimeControl "5400+30"]

1. d4 Nf6 2. Nf3 e6 3. Bg5 d5 4. e3 Be7 5. Bd3 Nbd7 6. Nbd2 O-O 7. c3 c5 8. h4 b6 9. g4 Bb7 10. Bxf6 Nxf6 11. g5 Ne4 12. Qc2 c4 13. Nxc4 dxc4 14. Bxe4 Bxe4 15. Qxe4 b5 16. a3 a5 17. Ke2 Bd6 18. h5 Re8 19. g6 f5 20. Qc6 h6 21. Qxb5 Qc7 22. Qa4 Rab8 23. Rab1 e5 24. dxe5 Bxe5 25. Rhd1 Bf6 26. Rd5 f4 27. Qxa5 Qxa5 28. Rxa5 Bxc3 29. Rc5 fxe3 30. fxe3 Rxb2+ 31. Rxb2 Bxb2 32. a4 c3 33. a5 Ba3 34. Rc7 Ra8 35. Nd4 Rxa5 36. Rc8+ Bf8 37. Nc6 Ra2+ 38. Kf3 1-0

[Event "Icelandic Team-ch Premier 2021-22"]
[Site "Reykjavik"]
[Date "2022.03.06"]
[Round "10.12"]
[White "Hreinsson, Hlidar"]
[Black "Gunnarsson, Jon Viktor"]
[Result "0-1"]
[ECO "B52"]
[WhiteElo "2180"]
[BlackElo "2439"]
[Annotator "NA"]
[PlyCount "74"]
[EventDate "2022.03.05"]
[EventType "team-tourn"]
[EventCountry "ISL"]
[SourceTitle "playchess.com"]
[Source "ChessBase"]
[SourceQuality "1"]
[TimeControl "5400+30"]

1. e4 c5 2. Nf3 d6 3. Bb5+ Bd7 4. Bxd7+ Qxd7 5. c4 Nf6 6. d3 Nc6 7. Nc3 g6 8. O-O Bg7 9. h3 O-O 10. Nh2 Nd4 11. Ne2 Nxe2+ 12. Qxe2 b5 13. Rb1 a5 14. f4 bxc4 15. dxc4 a4 16. Nf3 Rab8 17. Rd1 Qc6 18. Re1 Ne8 19. e5 Nc7 20. Bd2 Ne6 21. Qe4 Rfc8 22. Bc3 Qxe4 23. Rxe4 dxe5 24. fxe5 Rd8 25. Kf2 Rd3 26. Rc1 h5 27. Ke2 Rbd8 28. Ba5 R8d7 29. Bc3 Bh6 30. Ne1 Ng5 31. Rh4 Rg3 32. Kf2 Ne6 33. Rc2 Rg5 34. Nf3 Rf5 35. g4 Rxf3+ 36. Kxf3 Bg5 37. Be1 Nd4+ 0-1

[Event "Icelandic Team-ch Premier 2021-22"]
[Site "Reykjavik"]
[Date "2022.03.06"]
[Round "10.13"]
[White "Arnason, Jon L"]
[Black "Ingvason, Johann"]
[Result "1-0"]
[ECO "C10"]
[WhiteElo "2410"]
[BlackElo "2183"]
[Annotator "ChessBase"]
[PlyCount "131"]
[EventDate "2022.03.05"]
[EventType "team-tourn"]
[EventCountry "ISL"]
[SourceTitle "playchess.com"]
[Source "ChessBase"]
[SourceQuality "1"]
[TimeControl "5400+30"]

1. e4 e6 2. d4 d5 3. Nd2 dxe4 4. Nxe4 Be7 5. Nf3 Nd7 6. Bd3 Ngf6 7. Qe2 O-O 8. Bg5 c5 9. c3 cxd4 10. Nxd4 Ne5 11. Bc2 Nxe4 12. Qxe4 Ng6 13. Bxe7 Qxe7 14. O-O-O e5 15. Nf5 Bxf5 16. Qxf5 Rad8 17. g3 Rxd1+ 18. Rxd1 Rd8 19. Rxd8+ Qxd8 20. h4 Qe7 21. b4 Nf8 22. Bb3 g6 23. Qe4 Kg7 24. f4 f5 25. Qxe5+ Qxe5 26. fxe5 Nd7 27. e6 Nf6 28. e7 Ne8 29. Bd5 b6 30. Kd2 Kf6 31. Ke3 Kxe7 32. Kd4 Nf6 33. Bf3 Kd6 34. c4 h6 35. c5+ bxc5+ 36. bxc5+ Ke6 37. Bd1 g5 38. Bb3+ Ke7 39. Ke5 Ne4 40. hxg5 hxg5 41. g4 Nxc5 42. Kxf5 Kf8 43. Kxg5 Kg7 44. Kf5 a5 45. Ke5 Kg6 46. Bc2+ Kg5 47. Kd6 Na6 48. Bf5 Nb4 49. a3 Na2 50. Kc5 a4 51. Kb5 Nc3+ 52. Kb4 Nd5+ 53. Kxa4 Kf6 54. Kb5 Ke5 55. Kc5 Nc3 56. Bc2 Kf4 57. Kc4 Ne2 58. Bd1 Ng3 59. a4 Ne4 60. a5 Nd6+ 61. Kc5 Ne4+ 62. Kc6 Nc3 63. a6 Nxd1 64. a7 Ne3 65. a8=Q Nxg4 66. Kd6 1-0

[Event "Icelandic Team-ch Premier 2021-22"]
[Site "Reykjavik"]
[Date "2022.03.06"]
[Round "10.14"]
[White "Halldorsson, Gudmundur"]
[Black "Sammalvuo, Tapani"]
[Result "0-1"]
[ECO "E21"]
[WhiteElo "2142"]
[BlackElo "2420"]
[Annotator "ChessBase"]
[PlyCount "136"]
[EventDate "2022.03.05"]
[EventType "team-tourn"]
[EventCountry "ISL"]
[SourceTitle "playchess.com"]
[Source "ChessBase"]
[SourceQuality "1"]
[TimeControl "5400+30"]

1. d4 Nf6 2. c4 e6 3. Nc3 Bb4 4. Bd2 O-O 5. Nf3 c5 6. a3 Bxc3 7. Bxc3 b6 8. e3 Bb7 9. Be2 d6 10. O-O Nbd7 11. b4 Qe7 12. Qb3 Rab8 13. Rad1 Rfc8 14. dxc5 bxc5 15. Nd2 d5 16. b5 Ne8 17. a4 Nd6 18. Rfe1 Qg5 19. Bf1 a6 20. Ba1 axb5 21. cxb5 Ra8 22. Bc3 e5 23. Nf3 Qf6 24. Rxd5 c4 25. Qd1 Bxd5 26. Qxd5 Nb6 27. Qd1 Nb7 28. Nxe5 Nxa4 29. Bd4 Qe6 30. Qh5 Nd6 31. g3 g6 32. Qe2 Nxb5 33. Nxc4 Nxd4 34. exd4 Qe5 35. Qe3 Qxe3 36. Be2 Re8 37. Nxe3 Nc3 38. Bf3 Rad8 39. Rc1 Ne4 40. Rd1 Nd6 41. h4 Kg7 42. Kg2 Rc8 43. Rd3 Red8 44. g4 f6 45. Kg3 Nb5 46. d5 Nd6 47. Ng2 Nf7 48. Rd4 Rc3 49. Ne3 Nd6 50. Kf4 Ra3 51. Kg3 Rb8 52. Rd2 Rc3 53. Ra2 Rb7 54. Ra6 Nf7 55. Be4 Re7 56. Ra4 Ne5 57. Bg2 Nd3 58. Re4 Rd7 59. Rd4 Ne5 60. Be4 Nf7 61. Bg2 Ra3 62. Be4 Nd6 63. Bd3 Rc7 64. Bf1 f5 65. Bh3 fxg4 66. Bxg4 Re7 67. Be6 Rxe6 68. dxe6 Nf5+ 0-1

[Event "Icelandic Team-ch Premier 2021-22"]
[Site "Reykjavik"]
[Date "2022.03.06"]
[Round "10.15"]
[White "Kjartansson, David"]
[Black "Dadason, Gudmundur"]
[Result "1-0"]
[ECO "D00"]
[WhiteElo "2304"]
[BlackElo "2097"]
[Annotator "NA"]
[PlyCount "61"]
[EventDate "2022.03.05"]
[EventType "team-tourn"]
[EventCountry "ISL"]
[SourceTitle "playchess.com"]
[Source "ChessBase"]
[SourceQuality "1"]
[TimeControl "5400+30"]

1. d4 Nf6 2. Nc3 d5 3. Bf4 a6 4. e3 Bf5 5. Nf3 e6 6. Ne5 Nbd7 7. g4 Nxe5 8. gxf5 Nc6 9. fxe6 fxe6 10. Rg1 Qd7 11. a3 Bd6 12. Qf3 Bxf4 13. Qxf4 Rf8 14. Qg3 Rf7 15. O-O-O O-O-O 16. f3 Qd6 17. Bh3 Kb8 18. f4 Na5 19. Bf1 Ka8 20. Qe1 Qc6 21. b3 Qd6 22. Kb2 Nc6 23. Na4 Ne4 24. Bd3 b5 25. Nc3 Nxc3 26. Qxc3 h6 27. Rg3 Kb7 28. Rdg1 Rdd7 29. Rg6 Qe7 30. a4 b4 31. Bxa6+ 1-0

[Event "Icelandic Team-ch Premier 2021-22"]
[Site "Reykjavik"]
[Date "2022.03.06"]
[Round "10.16"]
[White "Briem, Stephan"]
[Black "Bjornsson, Tomas"]
[Result "1/2-1/2"]
[ECO "E46"]
[WhiteElo "2039"]
[BlackElo "2174"]
[Annotator "NA"]
[PlyCount "49"]
[EventDate "2022.03.05"]
[EventType "team-tourn"]
[EventCountry "ISL"]
[SourceTitle "playchess.com"]
[Source "ChessBase"]
[SourceQuality "1"]
[TimeControl "5400+30"]

1. d4 Nf6 2. c4 e6 3. Nc3 Bb4 4. e3 O-O 5. Nge2 d5 6. a3 Bxc3+ 7. Nxc3 Nbd7 8. Bd3 dxc4 9. Bxc4 c5 10. O-O a6 11. dxc5 Nxc5 12. b4 Nce4 13. Nxe4 Nxe4 14. Qc2 Nf6 15. Bb2 Qc7 16. Rac1 Bd7 17. Be2 Qxc2 18. Rxc2 Nd5 19. Rfc1 Ba4 20. Rd2 Rac8 21. Rxc8 Rxc8 22. Bf3 Bc6 23. Rc2 Rd8 24. Be2 Ne7 25. Bd4 1/2-1/2

[Event "Icelandic Team-ch Premier 2021-22"]
[Site "Reykjavik"]
[Date "2022.03.06"]
[Round "10.18"]
[White "Steingrimsson, Hedinn"]
[Black "Kjartansson, Gudmundur"]
[Result "1-0"]
[ECO "E46"]
[WhiteElo "2535"]
[BlackElo "2450"]
[Annotator "ChessBase"]
[PlyCount "95"]
[EventDate "2022.03.05"]
[EventType "team-tourn"]
[EventCountry "ISL"]
[SourceTitle "playchess.com"]
[Source "ChessBase"]
[SourceQuality "1"]
[TimeControl "5400+30"]

1. d4 Nf6 2. c4 e6 3. Nc3 Bb4 4. e3 O-O 5. Nge2 c6 6. a3 Ba5 7. b4 Bc7 8. Bb2 d5 9. Ng3 Re8 10. Be2 Nbd7 11. O-O dxc4 12. Bxc4 Nb6 13. Bd3 e5 14. dxe5 Bxe5 15. Qe2 Nbd5 16. Nxd5 Bxb2 17. Qxb2 Nxd5 18. Rad1 Qf6 19. Qc2 h6 20. Rfe1 Bg4 21. Rd2 Rad8 22. h3 Bc8 23. Red1 a6 24. Bf1 Qe7 25. Rd4 Nf6 26. Nf5 Bxf5 27. Qxf5 Rxd4 28. Rxd4 Rd8 29. Rxd8+ Qxd8 30. Bc4 Qe7 31. Kf1 g6 32. Qxg6+ Kf8 33. Qxh6+ Ke8 34. Qh8+ Kd7 35. Qb8 Qe4 36. Qxb7+ Kd6 37. Qb8+ Ke7 38. Ba2 Qc2 39. Qe5+ Kf8 40. Qc5+ Qxc5 41. bxc5 Ne4 42. f3 Nxc5 43. Ke2 Ke7 44. g4 Nb7 45. Kd3 Nd6 46. Bc4 a5 47. Kd4 Kd7 48. h4 1-0

[Event "Icelandic Team-ch Premier 2021-22"]
[Site "Reykjavik"]
[Date "2022.03.06"]
[Round "10.19"]
[White "Gretarsson, Helgi Ass"]
[Black "Ris, Robert"]
[Result "1-0"]
[ECO "A01"]
[WhiteElo "2467"]
[BlackElo "2468"]
[Annotator "ChessBase"]
[PlyCount "79"]
[EventDate "2022.03.05"]
[EventType "team-tourn"]
[EventCountry "ISL"]
[SourceTitle "playchess.com"]
[Source "ChessBase"]
[SourceQuality "1"]
[TimeControl "5400+30"]

1. b3 e5 2. Bb2 Nc6 3. e3 g6 4. f4 Bg7 5. Nf3 d6 6. Bb5 Nge7 7. fxe5 O-O 8. O-O Nxe5 9. Qc1 a6 10. Be2 N7c6 11. Nc3 d5 12. Nd1 Nxf3+ 13. Bxf3 Ne5 14. Be2 b6 15. Nf2 Bb7 16. Kh1 f5 17. Nh3 Qd7 18. a4 Rfe8 19. Nf4 Rad8 20. Rf2 Qd6 21. a5 b5 22. b4 d4 23. exd4 Ng4 24. Bxg4 Bxd4 25. Bxd4 Qxd4 26. Qf1 fxg4 27. c3 Qe4 28. Kg1 Qc6 29. Rc1 Re4 30. Re1 Rf8 31. Rxe4 Qxe4 32. Nd3 Rxf2 33. Nxf2 Qd5 34. Nd3 Bc6 35. Qe2 Qc4 36. Qe3 Qb3 37. Nc5 Qb1+ 38. Kf2 Qf5+ 39. Kg3 Bd5 40. Qf4 1-0

[Event "Icelandic Team-ch Premier 2021-22"]
[Site "Reykjavik"]
[Date "2022.03.06"]
[Round "10.20"]
[White "Ragnarsson, Dagur"]
[Black "Petursson, Margeir"]
[Result "1/2-1/2"]
[ECO "E34"]
[WhiteElo "2351"]
[BlackElo "2447"]
[Annotator "ChessBase"]
[PlyCount "124"]
[EventDate "2022.03.05"]
[EventType "team-tourn"]
[EventCountry "ISL"]
[SourceTitle "playchess.com"]
[Source "ChessBase"]
[SourceQuality "1"]
[TimeControl "5400+30"]

1. d4 Nf6 2. c4 e6 3. Nc3 Bb4 4. Qc2 d5 5. cxd5 Qxd5 6. e3 c5 7. Bd2 Bxc3 8. Bxc3 cxd4 9. Bxd4 Nc6 10. Bc3 O-O 11. Nf3 Qc5 12. a3 Nd5 13. Bd3 f5 14. Rc1 Nxc3 15. Qxc3 Qxc3+ 16. Rxc3 Bd7 17. O-O a6 18. h4 Kf7 19. Rd1 Rad8 20. e4 h6 21. h5 Kf6 22. Be2 fxe4 23. Nd2 Ke7 24. Nxe4 e5 25. Rg3 Rf7 26. Re1 Nd4 27. Nc5 Nf5 28. Rg6 Rf6 29. Bg4 Rxg6 30. hxg6 Bc8 31. f4 Kf6 32. Rxe5 Nd4 33. Bh5 Bf5 34. Nxb7 Rb8 35. Nd6 Bxg6 36. Bxg6 Kxg6 37. b4 Rd8 38. f5+ Kf6 39. Rd5 Nc2 40. Ne4+ Ke7 41. Re5+ Kf7 42. Re6 Nxa3 43. Rxa6 Nb5 44. Rb6 Rd4 45. Rb7+ Kg8 46. Nc5 Nd6 47. Rxg7+ Kxg7 48. Ne6+ Kf6 49. Nxd4 Ke5 50. Nc6+ Kxf5 51. Kf2 Ke4 52. Kg3 Kd3 53. Kf4 Kc4 54. Ke5 Nb5 55. g4 Nc3 56. Nd4 Nd1 57. b5 Kc5 58. Ke4 Nf2+ 59. Kf3 Nd3 60. Nf5 Ne5+ 61. Kf4 Nxg4 62. Nxh6 Nxh6 1/2-1/2

[Event "Icelandic Team-ch Premier 2021-22"]
[Site "Reykjavik"]
[Date "2022.03.06"]
[Round "10.21"]
[White "Thorhallsson, Throstur"]
[Black "Bjornsson, Sigurbjorn"]
[Result "1/2-1/2"]
[ECO "B51"]
[WhiteElo "2414"]
[BlackElo "2315"]
[Annotator "NA"]
[PlyCount "48"]
[EventDate "2022.03.05"]
[EventType "team-tourn"]
[EventCountry "ISL"]
[SourceTitle "playchess.com"]
[Source "ChessBase"]
[SourceQuality "1"]
[TimeControl "5400+30"]

1. e4 c5 2. Nf3 d6 3. Bb5+ Nd7 4. c3 a6 5. Ba4 Ngf6 6. Bc2 g6 7. O-O Bg7 8. d4 cxd4 9. cxd4 O-O 10. Re1 e5 11. Nc3 exd4 12. Nxd4 Re8 13. Nf3 Qc7 14. Bg5 b5 15. Rc1 h6 16. Bh4 Bb7 17. Bb1 Qb6 18. Qd2 Rad8 19. Rcd1 Ne5 20. Nxe5 dxe5 21. Nd5 Bxd5 22. Bxf6 Bxf6 23. exd5 Kg7 24. a3 Bg5 1/2-1/2

[Event "Icelandic Team-ch Premier 2021-22"]
[Site "Reykjavik"]
[Date "2022.03.06"]
[Round "10.22"]
[White "Heimisson, Hilmir Freyr"]
[Black "Thorsteins, Karl"]
[Result "1/2-1/2"]
[ECO "D90"]
[WhiteElo "2312"]
[BlackElo "2403"]
[Annotator "ChessBase"]
[PlyCount "115"]
[EventDate "2022.03.05"]
[EventType "team-tourn"]
[EventCountry "ISL"]
[SourceTitle "playchess.com"]
[Source "ChessBase"]
[SourceQuality "1"]
[TimeControl "5400+30"]

1. d4 g6 2. c4 Bg7 3. Nf3 c6 4. Nc3 d5 5. cxd5 cxd5 6. Bf4 Nf6 7. e3 O-O 8. Be2 Nc6 9. h3 Bf5 10. Rc1 Rc8 11. O-O Re8 12. Ne5 a6 13. g4 Be6 14. Qb3 b5 15. a4 Nxe5 16. Bxe5 Ne4 17. Bxg7 Kxg7 18. Nxe4 dxe4 19. Qb4 Rb8 20. axb5 axb5 21. Rc5 Bc4 22. Bxc4 bxc4 23. Qxc4 Rxb2 24. d5 Qd6 25. Qd4+ e5 26. Qxb2 Qxc5 27. Rd1 Qd6 28. Qb1 f5 29. Qb5 Rd8 30. gxf5 gxf5 31. Kh2 Kh6 32. Ra1 Qxd5 33. Ra6+ Kg7 34. Qb6 Ra8 35. Qf6+ Kg8 36. Rd6 Qf7 37. Qxe5 Re8 38. Qd4 Qa2 39. Kg3 f4+ 40. exf4 Qf7 41. Rd5 h6 42. f5 Qh5 43. Qd1 Qxd1 44. Rxd1 e3 45. fxe3 Rxe3+ 46. Kg4 h5+ 47. Kg5 Rxh3 48. Kf6 h4 49. Rd8+ Kh7 50. Rd7+ Kh6 51. Rd4 Kh5 52. Kf7 Rf3 53. f6 h3 54. Rd5+ Kg4 55. Kg6 h2 56. Rg5+ Kh3 57. Rh5+ Kg2 58. Rxh2+ 1/2-1/2